 Dungeon Crawl Stone Soup version 0.29-a0-275-g389c0b56f3 (webtiles) character file.

Game seed: 14827915180126874658

6730 jlumianski the Cleaver (level 10, -1/118 HPs)
             Began as a Demonspawn Fighter on Mar 9, 2022.
             Was a Believer of Qazlal.
             Slain by a two-headed ogre
             ... wielding a +0 bardiche
              (9 damage)
             ... in a bailey on Mar 10, 2022.
             The game lasted 00:47:28 (9111 turns).

jlumianski the Cleaver (Demonspawn Fighter)         Turns: 9111, Time: 00:47:28

Health: -1/118     AC: 21    Str: 23    XL:     10   Next: 75%
Magic:  12/12      EV:  9    Int: 10    God:    Qazlal [**....]
Gold:   209        SH:  9    Dex: 17    Spells: 9/9 levels left

rFire   . . .      SeeInvis .   u - +3 war axe (vorpal)
rCold   . . .      Faith    .   c - +0 buckler
rNeg    . . .      Spirit   .   A - +4 chain mail "Aceff" {Str+3}
rPois   .          Reflect  .   (helmet restricted)
rElec   .          Harm     .   j - +0 cloak
rCorr   .          Rampage  .   e - +2 pair of gloves
Will    .....                   l - +1 pair of boots
Stlth   ..........              (no amulet)
HPRegen 1.29/turn               (no ring)
MPRegen 0.13/turn               (no ring)

@: berserking, very quick
A: antennae 2, thin skeletal structure 2, powered by death 2, condensation
shield
a: Renounce Religion, Upheaval


You were in a bailey.
You worshipped Qazlal.
Qazlal was pleased with you.
You visited 2 branches of the dungeon, and saw 10 of its levels.
You also visited: Bailey.

You collected 306 gold pieces.
You spent 97 gold pieces at shops.

Inventory:

Hand Weapons
 a - a +0 war axe
 i - a +4 quarterstaff of chaos
 k - a +0 mace of protection
 q - a +2 short sword of flaming
 u - a +3 vorpal war axe (weapon)
 z - a +2 spear of venom
 E - a +1 war axe of pain
Missiles
 f - 320 stones
 p - 34 poisoned darts (quivered)
 H - a curare-tipped dart
Armour
 b - a +0 scale mail
 c - a +0 buckler (worn)
 e - a +2 pair of gloves (worn)
 j - a +0 cloak (worn)
 l - a +1 pair of boots (worn)
 n - a +0 chain mail
 A - the +4 chain mail "Aceff" (worn) {Str+3}
   (You found it on level 6 of the Dungeon)

   Str:       It affects your strength (+3).
 B - a +1 scale mail of willpower
Wands
 d - a wand of iceblast (4)
 y - a wand of flame (15)
 D - a wand of acid (13)
 I - a wand of charming (8)
Scrolls
 g - a scroll of vulnerability
 h - a scroll of blinking
 r - 2 scrolls of fog
 v - a scroll of immolation
 w - a scroll of magic mapping
 x - a scroll of noise
 C - 2 scrolls of amnesia
 G - a scroll of identify
Potions
 o - 6 potions of curing
 s - a potion of degeneration
 t - a potion of lignification


   Skills:
 + Level 7.1 Fighting
 + Level 10.2 Axes
 + Level 1.4 Throwing
 + Level 7.1 Armour
 + Level 2.2 Dodging
 + Level 0.5 Stealth
 + Level 6.4 Shields
 * Level 3.3 Invocations


You had 9 spell levels left.
You didn't know any spells.
Your spell library contained the following spells:

 Spells                   Type           Power      Damage    Failure   Level
 Pain                     Necr           0%         1d4       97%         1
 Anguish                  Hex/Necr       0%         N/A       100%        4
 Cause Fear               Hex            0%         N/A       100%        4
 Blade Hands              Tmut           0%         N/A       100%        5
 Summon Mana Viper        Hex/Summ       0%         N/A       100%        5


Dungeon Overview and Level Annotations

Branches:
Dungeon (9/15)             Temple (1/1) D:6          Bailey (1/1)
   Lair: D:8-11         Orc: D:9-12

Altars:
Cheibriados
Dithmenos
Fedhas
Makhleb
Qazlal
Trog
Vehumet
Yredelemnul
The Shining One

Shops:
D:1 ([[?[   D:2 (**   D:3 (*   D:4 (

Annotations:
D:7 1 runed translucent door, Esekla's ghost, novice OpCA


Innate Abilities, Weirdness & Mutations

You have a pair of antennae on your head.
You have a moderately thin skeletal structure. (Dex +4, Stealth++)
You regenerate health from kills.
A meltable shield of frost defends you. (SH +0)


Message History

The spriggan hits you but does no damage.
You feel a strong urge to attack something.
The spriggan misses you.
You slice the spriggan!!
You kill the spriggan!
Qazlal accepts your kill.
You hit the two-headed ogre.
The two-headed ogre hits you but does no damage.
The two-headed ogre hits you with a +0 halberd.
* * * LOW HITPOINT WARNING * * *
The spriggan shoots an arrow.
The arrow barely misses you.
Your Invocations skill increases to level 3!
The spriggan unwields a +3 shortbow of flaming.
It stops flaming.
The spriggan wields a +0 spear.
You block the spriggan's attack.
Things that are here:
a +0 spear; a spriggan corpse You miss the spriggan.
The spriggan is severely wounded.
You hit the two-headed ogre.
You block the two-headed ogre's attack. x2
You miss the spriggan.
The spriggan is severely wounded.
You barely miss the two-headed ogre. The spriggan hits you with a +0 spear!
* * * LOW HITPOINT WARNING * * *
You hit the two-headed ogre.
The two-headed ogre is moderately wounded.
You slash the spriggan!
You kill the spriggan!
Qazlal accepts your kill.
The two-headed ogre hits you with a +0 bardiche!
* * * LOW HITPOINT WARNING * * *
The two-headed ogre hits you with a +0 halberd.
* * * LOW HITPOINT WARNING * * *
You slash the two-headed ogre!
The two-headed ogre is heavily wounded.
You barely miss the two-headed ogre.
The two-headed ogre is heavily wounded.
The two-headed ogre closely misses you.
The two-headed ogre hits you with a +0 halberd!
You die...

......≈≈≈..♣
♣.#(..#
......≈≈≈..#
♣.≈(..#
......≈≈≈..#{
♣.#O).#
...∩..≈≈≈..# {
{{ ♣ ♣(..#
#.....###).##
#).)# #.....#
##..## ##..##
##...## ##..#♣
##..## ##.##
##..#♣#####..##
###
##...@)....##
##.○O....##
#########


You could see a two-headed ogre.

Vanquished Creatures
  Erolcha (D:9)
  Pikel (D:3)
  A troll (D:7)
  3 slime creatures (D:8)
  Eustachio (D:6)
  4 spriggans (Bailey)
  2 steam dragons
  A water moccasin (D:6)
  2 ice beasts (D:6)
  2 sky beasts
  3 ogres
  2 centaurs
  3 bullfrogs
  4 kobold brigands
  A gnoll sergeant (D:6)
  5 scorpions
  2 necrophages
  16 wights
  3 howler monkeys
  2 hounds
  7 jellies
  A gnoll shaman (D:8)
  4 orc priests
  Crazy Yiuf (D:3)
  5 iguanas
  8 orc wizards
  Robin (D:4)
  3 adders
  11 gnolls
  3 white imps
  An ufetubus (D:3)
  3 worms (D:2)
  A dart slug (D:1)
  20 orcs
  8 bats
  9 endoplasms
  2 giant cockroaches
  12 hobgoblins
  4 jackals (D:1)
  4 quokkas
  5 ball pythons
  4 frilled lizards
  21 goblins
  13 kobolds
  5 rats
215 creatures vanquished.

Vanquished Creatures (others)
  A ball python (D:1)
  9 fungi (D:8)
  7 toadstools (D:8)
17 creatures vanquished.

Grand Total: 232 creatures vanquished

Notes
Turn   | Place    | Note
-------+----------+-------------------------------------------
     0 | D:1      | jlumianski the Demonspawn Fighter began the quest for the
                  | Orb.
     0 | D:1      | Reached XP level 1. HP: 18/18 MP: 1/1
     0 | D:1      | Found Areasaew's Antique Weapon Shoppe.
   144 | D:1      | Gained mutation: A meltable shield of frost defends you.
                  | (SH +0) [demonic ancestry]
   144 | D:1      | Reached XP level 2. HP: 24/24 MP: 2/2
   573 | D:1      | Found Ivuguog's Armour Emporium.
   646 | D:1      | Reached skill level 2 in Axes
   646 | D:1      | Found Wariol's Magic Scroll Boutique.
   657 | D:1      | Found Juobeunu's Antique Armour Shop.
   665 | D:1      | Found Righe's Armour Boutique.
   971 | D:2      | Found Uwnid's Weapon Emporium.
  1012 | D:2      | Gained mutation: You regenerate a little health from kills.
                  | [demonic ancestry]
  1012 | D:2      | Reached XP level 3. HP: 29/29 MP: 3/3
  1299 | D:2      | You fall into a shaft and drop 1 floor!
  1319 | D:2      | Found Wich's General Store.
  1352 | D:2      | Got Yvemmoq's Reference Book on Mutagenic Enchantment
  1501 | D:2      | Found Aluejonul's General Store.
  1565 | D:2      | Gained mutation: You have a somewhat thin skeletal
                  | structure. (Dex +2, Stealth+) [demonic ancestry]
  1565 | D:2      | Reached XP level 4. HP: 31/35 MP: 4/4
  1925 | D:3      | Reached skill level 3 in Axes
  1939 | D:3      | Found a faded altar of an unknown god.
  1947 | D:3      | Got Plato's Guide on Darkness
  2269 | D:3      | Found Duhi's Weapon Boutique.
  2424 | D:3      | Found Enestru's Assorted Antiques.
  2499 | D:1      | Bought a glowing war axe for 97 gold pieces
  2562 | D:3      | Gained mutation: You have a pair of small antennae on your
                  | head. [demonic ancestry]
  2562 | D:3      | Reached XP level 5. HP: 23/41 MP: 5/5
  2870 | D:3      | Found a runed translucent door.
  2871 | D:3      | Noticed Crazy Yiuf
  3200 | D:3      | Killed Crazy Yiuf
  3323 | D:4      | Noticed a lemure
  3470 | D:4      | Gained mutation: You have a moderately thin skeletal
                  | structure. (Dex +4, Stealth++) [demonic ancestry]
  3470 | D:4      | Reached XP level 6. HP: 44/48 MP: 6/6
  3512 | D:4      | Reached skill level 4 in Axes
  3518 | D:4      | Noticed Pikel
  3573 | D:3      | Killed Pikel
  3574 | D:3      | Reached skill level 5 in Axes
  3574 | D:3      | Reached skill level 1 in Dodging
  3574 | D:3      | Reached XP level 7. HP: 18/54 MP: 7/7
  3838 | D:4      | Found Gedoj's Weapon Shop.
  3857 | D:4      | Noticed Robin
  3879 | D:4      | Killed Robin
  3902 | D:4      | Found a blossoming altar of Fedhas.
  4055 | D:5      | Entered Level 5 of the Dungeon
  4178 | D:5      | Gained mutation: You have a pair of antennae on your head.
                  | [demonic ancestry]
  4178 | D:5      | Reached XP level 8. HP: 18/61 MP: 8/8
  4760 | D:6      | Reached skill level 6 in Axes
  4818 | D:6      | Noticed Eustachio
  4821 | D:6      | Found a staircase to the Ecumenical Temple.
  4830 | D:6      | Killed Eustachio
  4831 | D:6      | Reached skill level 5 in Armour
  4852 | D:6      | Reached skill level 1 in Throwing
  4863 | Temple   | Entered the Ecumenical Temple
  4899 | Temple   | Became a worshipper of Qazlal Stormbringer
  5007 | D:6      | Reached skill level 5 in Shields
  5047 | D:6      | Reached skill level 7 in Axes
  5051 | D:6      | Reached skill level 5 in Fighting
  5408 | D:6      | Identified the +4 chain mail "Aceff" {Str+3}
  5708 | D:6      | Gained mutation: You regenerate health from kills. [demonic
                  | ancestry]
  5708 | D:6      | Reached XP level 9. HP: 68/68 MP: 9/9
  6319 | D:7      | Found a runed translucent door.
  6334 | D:7      | Noticed Esekla's ghost (novice OpCA)
  6350 | D:7      | Noticed a troll
  6369 | D:7      | Killed a troll
  6370 | D:7      | Reached skill level 8 in Axes
  6661 | D:7      | Reached * piety under Qazlal
  7326 | D:8      | Reached skill level 9 in Axes
  7543 | D:8      | Reached XP level 10. HP: 75/76 MP: 10/10
  8119 | D:8      | Reached ** piety under Qazlal
  8442 | D:9      | Noticed Erolcha
  8462 | D:9      | Killed Erolcha
  8686 | D:9      | Found a snail-covered altar of Cheibriados.
  8967 | D:9      | Reached skill level 10 in Axes
  8979 | D:9      | Found a flagged portal.
  8988 | Bailey   | Entered a bailey
  9067 | Bailey   | Noticed a two-headed ogre
  9111 | Bailey   | Slain by a two-headed ogre

Illustrated notes

Levels and vault maps discovered:
D:1:      tarquinn_simple_flora_water_a, layout_loops_ring, serial_shops,
          nicolae_shop_temple_entry_statues_fountains, nicolae_square_shop,
          shop, shop, shop, lemuel_flame_loot_1
D:2:      layout_loops_cross, serial_shops, nicolae_shop_crystal, shop,
          nicolae_shop_advertising_works [nicolae_subvault_shop_adworks]
D:3:      layout_loops_corners, shapermc_ecumenical_altar_rom_forum,
          serial_shops, nicolae_shop_bloodbath_and_beyond,
          nicolae_lakefront_shop, uniq_crazy_yiuf_cottage
D:4:      layout_cave_pools, old_standard_altar, serial_shops,
          kennysheep_little_box, uniq_pikel, uniq_robin
D:5:      layout_basic
D:6:      layout_basic, temple_fountains, uniq_eustachio
D:7:      layout_cave_pools, ebering_ghost_reflecting_pool, grunt_ministairs_7,
          chequers_serial_rivers_small_b, corexii_corridor_pit
D:8:      cheibrodos_fertilizer, layout_loops_ring
D:9:      layout_stronghold, lemuel_doored_altar, lair_entry_dummy,
          enter_bailey_3, uniq_erolcha
Temple:   regret_index_temple_chain_breaker
Bailey:   bailey_polearm_enchanted_keep_hellmonk, bailey

Skill      XL: |  1  2  3  4  5  6  7  8  9 10 |
---------------+-------------------------------+-----
Shields        | 3 4 5 6 |  6.4
Armour         | 3 4 5 6 7 |  7.1
Axes           | 2 3 5 7 9 10 | 10.2
Fighting       | 4 5 6 7 |  7.1
Dodging        | 1 2 |  2.2
Throwing       | 1 |  1.4
Invocations    | 3 |  3.3
Stealth        | |  0.5

Action                   |  1- 3 |  4- 6 |  7- 9 | 10-12 || total
-------------------------+-------+-------+-------+-------++-------
Melee: War axe           |   129 |   121 |   288 |   115 ||   653
Throw: Stone             |     3 |       |       |       ||     3
       Dart              |       |     3 |    11 |     5 ||    19
Evoke: Wand              |       |       |       |     1 ||     1
  Use: Scroll            |       |    11 |     5 |     6 ||    22
       Potion            |       |     2 |       |     5 ||     7
Armor: Scale mail        |    41 |       |       |       ||    41
       Chain mail        |    11 |    78 |   161 |    56 ||   306
Dodge: Dodged            |    43 |    41 |    86 |    46 ||   216
Block: Buckler           |    49 |    74 |   147 |    68 ||   338

Table legend: (Time is in decaauts)
 A = Elapsed time spent in this place.
 B = Non-inter-level travel time spent in this place.
 C = Inter-level travel time spent in this place.
 D = Time resting spent in this place.
 E = Time spent auto-exploring this place.
 F = Levels seen in this place.
 G = Mean time per level.
                   A        B        C        D        E       F      G
               +--------+--------+--------+--------+--------+-----+--------+
         Total |   9280 |   9005 |    275 |    661 |   5566 |  11 |  843.6 |
       Dungeon |   9103 |   8828 |    275 |    628 |   5566 |   9 | 1011.4 |
        Temple |     51 |     51 |      0 |      0 |      0 |   1 |   51.0 |
        Bailey |    125 |    125 |      0 |     33 |      0 |   1 |  125.0 |
               +--------+--------+--------+--------+--------+-----+--------+

Top non-repeatable levels by time:
     D:3: 1520 daAuts
     D:6: 1440 daAuts
     D:8: 1257 daAuts
     D:1: 1086 daAuts
     D:7: 996 daAuts
     D:2: 962 daAuts
     D:5: 701 daAuts
     D:4: 597 daAuts
     D:9: 540 daAuts
  Bailey: 125 daAuts
  Temple: 51 daAuts
